 Dungeon Crawl Stone Soup version 0.22-a0-402-ga933591 (webtiles) character file.

99 epen the Ducker (level 4, 0/23 HPs)
             Began as a Spriggan Abyssal Knight on May 6, 2018.
             Was a Believer of Lugonu.
             Slain by a river rat (9 damage)
             ... on level 3 of the Dungeon.
             The game lasted 00:04:06 (2641 turns).

epen the Ducker (Spriggan Abyssal Knight)           Turns: 2641, Time: 00:04:06

Health: 0/23       AC:  2    Str:  8    XL:     4   Next: 45%
Magic:  6/6        EV: 20    Int: 13    God:    Lugonu [**....]
Gold:   131        SH:  0    Dex: 16    Spells: 3/3 levels left

rFire    . . .     SeeInvis +   s - +0 short sword (flame)
rCold    + . .     Gourm    .   (shield restricted)
rNeg     . . .     Faith    .   b - +0 robe
rPois    .         Spirit   .   (helmet restricted)
rElec    .         Reflect  .   (no cloak)
rCorr    .         Harm     .   (gloves unavailable)
MR       .....                  (boots unavailable)
Stlth    ++........             l - amulet of rage
HPRegen  0.07/turn              n - ring of protection from cold
MPRegen  0.10/turn              (no ring)

@: very quick
A: very small, unfitting armour, see invisible, herbivore, speed 3, slow
metabolism 2
a: Depart the Abyss, Bend Space, Renounce Religion, Evoke Berserk Rage


You were on level 3 of the Dungeon.
You worshipped Lugonu.
Lugonu was pleased with you.
You were not hungry.

You visited 1 branch of the dungeon, and saw 3 of its levels.
You visited the Abyss 1 time.

You collected 131 gold pieces.

Inventory:

Hand Weapons
 a - a +1 short sword
 s - a +0 short sword of flaming (weapon)
Armour
 b - a +0 robe (worn)
Jewellery
 l - an amulet of rage (around neck)
 n - a ring of protection from cold (left hand)
Wands
 p - a wand of random effects (20)
Scrolls
 d - a scroll of immolation {unknown}
 e - a scroll of fog {unknown}
 f - 2 scrolls of identify {unknown}
 g - a scroll of remove curse {unknown}
 h - 2 scrolls of teleportation {unknown}
 k - 2 scrolls of magic mapping {unknown}
 m - a scroll of noise {unknown}
 o - a scroll of amnesia {unknown}
Potions
 i - 2 potions of curing {unknown}
 j - a potion of flight {unknown}
 q - a potion of haste {unknown}
 r - a potion of heal wounds {unknown}
Comestibles
 c - 6 rations


   Skills:
 + Level 2.8 Fighting
 * Level 3.6 Short Blades
 + Level 4.4 Dodging
 - Level 1.3 Stealth
 + Level 2.5 Invocations


You had 3 spell levels left.
You didn't know any spells.

Dungeon Overview and Level Annotations

Branches:
Dungeon (3/15)

Altars:
Makhleb

Portals:
Sewer: D:3


Innate Abilities, Weirdness & Mutations

You are very small and have problems with some larger weapons.
You are too small for most types of armour.
You have supernaturally acute eyesight. (SInv)
You are a herbivore.
You cover ground extremely quickly.
You need to consume almost no food.


Message History

The river rat completely misses you.
You closely miss the river rat.
The river rat is lightly wounded.
The river rat misses you.
You hit the river rat. You burn the river rat.
The river rat is heavily wounded.
The river rat barely misses you.
You hit the river rat but do no damage.
The river rat is heavily wounded.
The river rat barely misses you.
You hit the river rat but do no damage.
The river rat is heavily wounded.
The river rat closely misses you.
You barely miss the river rat.
The river rat is heavily wounded.
The river rat misses you.
You hit the river rat. You burn the river rat.
The river rat is severely wounded.
The river rat bites you!
You die...

# .. ... ≈≈≈.
≈≈≈≈.
≈∩≈≈..#######.#
≈≈≈≈.rr@<.....#
≈≈≈...#########
..... .... ###


You could see 2 river rats.

Vanquished Creatures
  A hound (D:1)
  2 adders (D:2)
  An ooze (D:2)
  A worm (D:2)
  A dart slug (D:1)
  2 leopard geckos
  3 bats (D:1)
  6 giant cockroaches
  5 goblins
  3 hobgoblins
  2 jackals (D:1)
  6 kobolds
  A ball python (D:1)
  3 frilled lizards
  4 rats (D:2)
41 creatures vanquished.

Notes
Turn   | Place    | Note
-------+----------+-------------------------------------------
     0 | Abyss:1  | epen the Spriggan Abyssal Knight began the quest for the Orb.
     0 | Abyss:1  | Reached XP level 1. HP: 11/11 MP: 3/3
    13 | D:1      | Escaped the Abyss
   389 | D:1      | Reached XP level 2. HP: 16/16 MP: 4/4
   774 | D:1      | Reached skill level 4 in Dodging
  1186 | D:2      | Reached XP level 3. HP: 15/19 MP: 5/5
  1488 | D:2      | Reached ** piety under Lugonu
  1492 | D:2      | Reached skill level 1 in Stealth
  1559 | D:2      | Found a burning altar of Makhleb.
  1912 | D:2      | Reached XP level 4. HP: 23/23 MP: 6/6
  2621 | D:3      | Found a glowing drain.
  2641 | D:3      | Slain by a river rat

Vault maps used:
D:1:      minmay_arrival_stone_box, minivault_5, minmay_misc_feat_columns
D:2:      first_ration, makhleb_heckhound_becter
D:3:      marbit_many_paths, overflow_temple_1_default, lemuel_round_altar,
          portal_sewer_entry_a, cheibrodos_ashenzari_chains, uniq_robin

Skill      XL: |  1  2  3 |
---------------+----------+-----
Invocations    | 2 |  2.5
Dodging        | 4 |  4.4
Short Blades   | 3 |  3.6
Stealth        | 1 |  1.3
Fighting       | |  2.8

Action                   |  1- 3 |  4- 6 || total
-------------------------+-------+-------++-------
Melee: Short sword       |   114 |    44 ||   158
 Stab: Sleeping          |     3 |       ||     3
Armor: Robe              |    12 |     2 ||    14
Dodge: Dodged            |    91 |    36 ||   127

Table legend:
 A = Spawn XP
 B = Non-spawn XP
 C = Spawn XP percentage of total XP
 D = Spawn monster count
 E = Non-spawn monster count
 F = Spawn count percentage of total count
 G = Total turns spent on level
                    A         B        C        D         E        F      G
               +---------+---------+-------+---------+---------+-------+---------
         Total |       0 |     142 |   0.0 |       0 |      41 |   0.0 |  2641
               +---------+---------+-------+---------+---------+-------+---------
           D:1 |       0 |      77 |   0.0 |       0 |      20 |   0.0 |  1747
           D:2 |       0 |      63 |   0.0 |       0 |      20 |   0.0 |   861
           D:3 |       0 |       2 |   0.0 |       0 |       1 |   0.0 |    20
               +---------+---------+-------+---------+---------+-------+---------
